 Dungeon Crawl Stone Soup version 0.16-a0-326-g6f2d4d4 (webtiles) character file.

352326 dm0 the Devastator (level 21, -1/115 HPs)
             Began as a Deep Elf Conjurer on Aug 13, 2014.
             Was the Champion of Vehumet.
             Slain by a stone giant (24 damage)
             ... on Level 3 of the Depths on Sept 4, 2014.
             The game lasted 16:23:21 (78594 turns).

dm0 the Devastator (Deep Elf Conjurer)             Turns: 78594, Time: 16:23:22

HP  -1/115       AC 19     Str  7      XL: 21   Next: 31%
MP   2/52        EV 26     Int 29      God: Vehumet [******]
Gold 1954        SH  6     Dex 18      Spells: 14 memorised,  0 levels left

rFire  . . .     SeeInvis +     f - +6 dagger (elec)
rCold  . . .     Clarity  +     R - +5 steam dragon armour
rNeg   + . .     rCorr    .     V - +2 buckler {reflect}
rPois  +         rRot     .     t - +2 helmet {SInv}
rElec  .         Spirit   .     y - +1 cloak {rPois}
SustAb .         Warding  .     Z - +0 pair of gloves
rMut   .         Stasis   .     X - +2 pair of boots {run}
Gourm  .                        Y - amulet of the Four Winds {Clar rN+ MR+++}
MR     +++++                    q - ring of the Will of the Gods {MR+ Dex+1}
                                k - ring of magical power

@: slightly contaminated, delayed fireball, glowing, studying Spellcasting,
repel missiles, quick, almost entirely resistant to hostile enchantments, very
unstealthy
A: agile 1
a: Renounce Religion, Release Delayed Fireball
}: 2/15 runes: decaying, gossamer


You were on level 3 of the Depths.
You worshipped Vehumet.
Vehumet was exalted by your worship.
You were not hungry.

You visited 8 branches of the dungeon, and saw 44 of its levels.
You visited 1 bazaar.
You also visited: Sewer.

You collected 5933 gold pieces.
You spent 3979 gold pieces at shops.

Inventory:

Hand weapons
 f - a +6 dagger of electrocution (weapon)
Armour
 a - a +1 hat
 t - a +2 helmet of see invisible (worn)
 y - a +1 cloak of poison resistance (worn)
 R - a +5 steam dragon armour (worn)
 V - a +2 buckler of reflection (worn)
 X - a +2 pair of boots of running (worn)
 Z - a +0 pair of gloves (worn)
Magical devices
 z - a wand of cold (0)
 E - a wand of teleportation (4)
Comestibles
 b - 12 bread rations
 g - 14 meat rations
 v - 5 chunks of emperor scorpion flesh
Scrolls
 d - 13 scrolls of teleportation
 e - 10 scrolls of recharging
 j - 5 scrolls of immolation
 m - 2 scrolls of identify
 n - 10 scrolls of fog
 o - 10 scrolls of magic mapping
 s - 3 scrolls of fear
 F - 2 scrolls of blinking
 I - 14 scrolls of remove curse
Jewellery
 k - a ring of magical power (left hand)
 q - the ring of the Will of the Gods (right hand) {MR+ Dex+1}
   (You found it on level 4 of the Dungeon)

   [ring of protection from magic]

   It affects your dexterity (+1).
   It affects your resistance to hostile enchantments.
 Y - the amulet of the Four Winds (around neck) {Clar rN+ MR+++}
   (You found it on level 4 of the Lair of Beasts)

   [amulet of clarity]

   It provides mental clarity.
   It protects you from negative energy.
   It affects your resistance to hostile enchantments.
Potions
 c - a potion of magic
 h - a potion of mutation
 i - 7 potions of might
 l - a potion of porridge
 r - 20 potions of curing
 u - 5 potions of flight
 A - 6 potions of agility
 B - 2 potions of heal wounds
 C - 2 potions of berserk rage
 D - 3 potions of restore abilities
 M - 2 potions of cancellation
 N - a potion of resistance
 P - 4 potions of haste
 T - 4 potions of brilliance
 U - a potion of cure mutation
Books
 J - a manual of Spellcasting
Miscellaneous
 p - a phial of floods (inert)
 K - a lamp of fire
 W - a disc of storms


   Skills:
 - Level 7.0 Fighting
 - Level 17.9 Dodging
 - Level 2.4 Stealth
 - Level 1.1 Shields
 * Level 20.3 Spellcasting
 - Level 24.4 Conjurations
 - Level 11.0 Charms
 - Level 20.9 Fire Magic


You couldn't memorise any spells.
You knew the following spells:

 Your Spells              Type           Power        Failure   Level  Hunger
a - Magic Dart            Conj           ####         0%          1    None
b - Iskenderun's Battles  Conj/Chrm      #######.     1%          5    None
c - Dazzling Spray        Conj/Hex       #######.     1%          3    None
d - Mephitic Cloud        Conj/Pois/Air  ######..     1%          3    None
e - Fire Storm            Conj/Fire      ########..   4%          9    ######.
f - Ring of Flames        Chrm/Fire      #######...   1%          7    ###....
g - Delayed Fireball      Conj/Fire      N/A          1%          7    ###....
h - Fireball              Conj/Fire      ########..   0%          5    None
i - Bolt of Fire          Conj/Fire      ########..   1%          6    None
j - Control Teleport      Chrm/Tloc      ######....   1%          4    None
k - Blink                 Tloc           N/A          1%          2    None
l - Repel Missiles        Chrm/Air       ######       1%          2    None
m - Flight                Chrm/Air       ######....   1%          3    None
n - Lehudib's Crystal Sp  Conj/Erth      #######...   24%         8    #####..


Dungeon Overview and Level Annotations

Branches:
Dungeon (15/15)            Temple (1/1) D:4             Orc (4/4) D:9
    Elf (3/3) Orc:3          Lair (8/8) D:10          Swamp (5/5) Lair:3
 Spider (5/5) Lair:5        Slime (0/6) Lair:8       Vaults (0/5) D:13
 Depths (3/5) D:15

Altars:
Ashenzari
Cheibriados
Dithmenos
Elyvilon
Fedhas
Gozag
Kikubaaqudgha
Makhleb
Nemelex Xobeh
Okawaru
Qazlal
Sif Muna
Trog
Vehumet
Xom
Yredelemnul
Zin
The Shining One
Beogh
Jiyva

Shops:
D:10 [   D:11 *:(%(   D:12 (   Orc:1 *   Orc:2 (   Orc:4 :([*(   Elf:2 %
Depths:1 (   Depths:2 %

Portals:
Hell: Depths:1 Depths:2
Trove: D:11 (give 6 potions of haste)

Annotations:
Spider:2 Nikola


Innate Abilities, Weirdness & Mutations

You are agile. (Dex +2)


Message History

* * * LOW HITPOINT WARNING * * *
You barely miss the stone giant.
The stone giant is almost dead.
The stone giant misses you.
Drink which item? (? for menu, Esc to quit)
You feel better. The stone giant barely misses you.
Casting: Dazzling Spray
Confirm with . or Enter, or press ? or * to list all spells.
Aiming: Dazzling Spray
Press: ? - help, Shift-Dir - straight line, f/p - stone giant
Aim: a stone giant (almost dead)
The spray of energy hits the stone giant.
The stone giant is almost dead.
Your battlesphere fires!
The barrage of energy hits the stone giant.
The stone giant is almost dead.
The stone giant hits you!
* * * LOW HITPOINT WARNING * * *
The stone giant hits you!!
You die...

≈≈≈......<................≈≈P≈♣ ≈
.♣...[......>...)...........≈P♣≈≈
....##.######....[.....###..PP≈♣
PP..##.# #))..*.....# #.≈P≈♣≈≈
##♣♣##.# #[....>....###.≈≈≈♣≈♣
#.# #.........P≈≈≈P≈♣≈≈≈P #.#
#<...[...≈P≈≈≈≈♣♣≈≈PP #.#
#....C...P≈≈♣P≈PP≈.P. ######.#
#...@.....≈P≈P.PP≈.#.
.......######......(...######....
...................(...........#
....................).........##
..####....########............#
#.# ♣..♣..# #...##.##....# #.#
♣♣≈≈..########..##...##...# #.#
♣♣≈.............#.....#...### #.♣
♣.≈≈..♣........%#..>..#......


You could see a stone giant.

Vanquished Creatures
  the Lernaean hydra (Swamp:5)
  Norris (Depths:2)
  Arachne (Spider:5)
  Asterion (D:15)
  2 deep elf blademasters (Elf:3)
  2 deep elf master archers (Elf:3)
  An octopode crusher (Depths:3)
  2 thorn hunters
  A sphinx (Depths:3)
  Agnes (Swamp:4)
  Kirke (Swamp:3)
  A tengu reaver (D:15)
  Roxanne (Elf:1)
  Donald (Spider:1)
  2 fire giants
  9 deep elf sorcerers
  2 orc warlords (Orc:4)
  An iron dragon (D:15)
  Aizul (Depths:2)
  Louise (Spider:2)
  Gastronok (D:8)
  6 emperor scorpions
  5 ghost moths
  Jorgrun (Spider:2)
  2 reapers (Depths:1)
  8 deep elf demonologists
  7 very ugly things
  4 stone giants
  2 spriggan defenders (Depths:3)
  7 deep elf annihilators (Elf:3)
  7 dire elephants
  Snorg (Orc:1)
  10 ettins
  6 deep elf death magi (Elf:3)
  7 fire dragons
  2 deep elf high priests (Elf:3)
  4 great orbs of eyes
  A yaktaur captain (Depths:2)
  A ghost crab (shapeshifter) (D:15)
  6 ice dragons
  26 hydras
  4 rakshasas
  Harold (D:14)
  A spriggan air mage (Depths:2)
  Nessos (Elf:2)
  Erica (Lair:1)
  4 centaur warriors
  11 death yaks
  2 shambling mangroves
  4 ogre magi
  4 deep troll shamans
  13 alligators
  5 deep troll earth magi
  8 tengu warriors
  3 spriggan berserkers
  An orc high priest (Orc:2)
  A storm dragon zombie (Depths:2)
  A vampire mage (Depths:3)
  2 sun demons
  4 catoblepae
  A soul eater (Depths:1)
  16 deep elf knights
  A fire crab (Lair:8)
  2 iron trolls
  3 giant orange brains
  21 orb spiders
  A swamp dragon (shapeshifter) (Elf:3)
  3 spriggan druids
  8 deep elf summoners
  A shadow wraith (D:13)
  A wizard (D:15)
  A lindwurm (Lair:8)
  9 deep trolls
  3 flayed ghosts
  2 unseen horrors (D:11)
  4 orc knights
  10 swamp dragons
  34 wolf spiders
  6 hill giants
  2 necromancers
  An oklob plant (Lair:5)
  A griffon (Lair:7)
  6 red wasps (Spider:5)
  A red wasp (shapeshifter) (D:14)
  17 deep elf conjurers
  14 wolf spider zombies (Spider:1)
  9 ugly things
  2 orc sorcerers
  15 elephants
  A sixfirhy (Elf:3)
  A spectral griffon (D:11)
  A frost giant skeleton (Depths:2)
  2 moths of wrath (Spider:5)
  5 cyclopes
  7 black mambas
  5 manticores
  A naga mage (D:15)
  Joseph (D:7)
  3 torpor snails
  An item mimic (Lair:6)
  An eye of devastation (shapeshifter) (Depths:2)
  2 spriggan zombies (Depths:2)
  22 spiny frogs
  Psyche (D:9)
  20 demonic crawlers
  10 komodo dragons
  14 yaktaurs
  29 jumping spiders
  2 tengu conjurers (Depths:1)
  8 fire drakes (Lair:8)
  An elf (shapeshifter) (D:14)
  A freezing wraith (D:15)
  17 deep elf priests
  2 polar bears (Orc:4)
  A red devil (Orc:2)
  3 blue devils
  A queen bee (shapeshifter) (Elf:1)
  15 two-headed ogres
  A wind drake (shapeshifter) (Depths:1)
  A jumping spider (shapeshifter) (Depths:1)
  A polar bear (shapeshifter) (D:13)
  A blink frog (shapeshifter) (D:15)
  8 bog bodies
  A baby alligator (shapeshifter) (D:15)
  7 trolls
  12 blink frogs
  8 giant leeches
  10 baby alligators
  25 ravens
  20 tarantella zombies (Spider:1)
  37 slime creatures
  6 boulder beetles
  3 shadows
  A griffon skeleton (D:7)
  37 trapdoor spiders
  47 redbacks
  33 tarantellas
  6 spriggans
  3 air elementals (Depths:2)
  3 vampires
  3 basilisks
  A tarantella (shapeshifter) (Depths:2)
  48 deep elf fighters
  A hog (shapeshifter) (Elf:1)
  2 hill giant zombies
  70 yaks
  4 hungry ghosts
  3 wraiths (D:15)
  34 deep elf magi
  5 water elementals
  3 wyverns
  Grum (Orc:1)
  A warg (Orc:4)
  7 hippogriffs
  14 vampire mosquitoes
  2 steam dragons (Lair:8)
  2 mottled dragons (Lair:8)
  32 swamp worms
  26 wolves
  25 water moccasins
  12 porcupines
  A tengu zombie (D:14)
  Purgy (Sewer)
  14 swamp drakes
  4 ice beasts
  2 black bears
  8 yellow wasps
  48 spiders
  A manticore zombie (D:9)
  44 orc warriors
  6 sky beasts
  3 phantoms
  18 centaurs
  21 ogres
  A boggart (Depths:2)
  A lost soul (Elf:3)
  A crocodile (shapeshifter) (Depths:2)
  17 crocodiles
  5 boring beetles
  3 brain worms (Lair:8)
  A komodo dragon zombie (D:11)
  14 big kobolds
  A yaktaur zombie (D:14)
  17 giant frogs
  2 spider zombies (Spider:1)
  2 cyclops zombies
  24 insubstantial wisps
  A wyvern zombie (D:15)
  2 wyvern skeletons
  A cyclops skeleton (D:13)
  11 scorpions
  A troll zombie (D:11)
  8 killer bees (D:9)
  An eye of draining (D:15)
  A troll skeleton (D:11)
  4 quasits
  A hippogriff skeleton (D:5)
  7 wights
  2 electric eels
  8 crimson imps
  2 goliath beetles
  14 hounds
  4 jellies
  34 orc priests
  A giant frog skeleton (D:11)
  A basilisk zombie (D:13)
  6 orange rats
  44 orc wizards
  13 iguanas
  9 worker ants
  2 ogre zombies
  32 sheep
  A mummy (D:9)
  A worker ant zombie (D:11)
  4 gnolls (D:4)
  67 green rats
  29 adders
  2 giant mites
  An inept item mimic (D:10)
  6 shadow imps
  20 worms
  3 orc zombies
  2 adder zombies
  An iguana skeleton (D:9)
  221 orcs
  27 bats
  A bat skeleton (D:3)
  6 giant cockroaches
  33 goblins
  18 hobgoblins
  16 jackals
  26 kobolds
  2 ball pythons
  9 giant geckos
  4 giant newts
  A goblin skeleton (D:4)
  A hobgoblin skeleton (D:5)
  A kobold skeleton (D:4)
  An orc skeleton (D:4)
  17 quokkas
  A quokka zombie (D:7)
  24 rats
  A rat zombie (D:7)
  8 ballistomycetes
  A butterfly (Lair:4)
  3 crawling corpses (Elf:3)
  2 fungi
  16 plants
2205 creatures vanquished.

Vanquished Creatures (collateral kills)
  A fire giant (Depths:2)
  A rakshasa (Depths:1)
  A death yak (Depths:1)
  A slime creature (Depths:2)
  A deep elf mage (Elf:3)
5 creatures vanquished.

Vanquished Creatures (others)
  A stone giant (Depths:2)
  A rakshasa (Depths:1)
  A deep elf conjurer (Elf:2)
  A yaktaur (Depths:2)
  41 fire vortices
  A jumping spider (Spider:5)
  A water elemental (Depths:3)
  19 fulminant prisms
  4 giant spores
  A ballistomycete (D:15)
  A butterfly (D:3)
  15 fungi
  41 plants
128 creatures vanquished.

Grand Total: 2338 creatures vanquished

Notes
Turn   | Place    | Note
--------------------------------------------------------------
     0 | D:1      | dm0, the Deep Elf Conjurer, began the quest for the Orb.
     0 | D:1      | Reached XP level 1. HP: 10/10 MP: 5/5
   242 | D:1      | Reached XP level 2. HP: 15/15 MP: 4/8
   278 | D:1      | Reached skill level 5 in Conjurations
  1087 | D:2      | Reached XP level 3. HP: 19/19 MP: 5/10
  1326 | D:2      | Reached skill level 6 in Conjurations
  1606 | D:2      | Reached XP level 4. HP: 24/24 MP: 10/13
  2724 | D:3      | Reached XP level 5. HP: 28/28 MP: 13/16
  2731 | D:3      | Learned a level 5 spell: Iskenderun's Battlesphere
  2758 | D:3      | Reached skill level 7 in Conjurations
  2793 | D:3      | Reached skill level 1 in Charms
  3333 | D:4      | Found a staircase to the Ecumenical Temple.
  3346 | Temple   | Entered the Ecumenical Temple
  3418 | Temple   | Became a worshipper of Vehumet
  3583 | D:4      | Got a sparkling amber ring
  3796 | D:4      | Reached XP level 6. HP: 27/32 MP: 4/18
  4318 | D:4      | Acquired Vehumet's first power
  4318 | D:4      | Offered knowledge of Sting by Vehumet.
  4404 | D:4      | Learned a level 3 spell: Dazzling Spray
  5323 | D:4      | Reached skill level 5 in Charms
  5534 | D:4      | Identified the ring of the Will of the Gods {MR+ Dex+1} (You found it on level 4 of the Dungeon)
  5786 | D:4      | Reached skill level 8 in Conjurations
  5939 | D:5      | Entered Level 5 of the Dungeon
  5998 | D:5      | Reached XP level 7. HP: 36/36 MP: 11/20
  6651 | D:5      | Found a glowing drain.
  6655 | Sewer    | Entered a sewer
  6710 | Sewer    | Noticed Purgy
  6739 | Sewer    | Killed Purgy
  6987 | Sewer    | Got a silk robe
  6999 | Sewer    | Identified the cursed +0 robe of Least Resistance {Str-4 Int-2} (You found it in a sewer)
  7557 | D:6      | Found a shattered altar of Ashenzari.
  7564 | D:6      | Found a glowing silver altar of Zin.
  7728 | D:6      | Reached skill level 9 in Conjurations
  7866 | D:6      | Reached XP level 8. HP: 40/42 MP: 18/21
  8341 | D:6      | Gained mutation: You are agile. (Dex +2) [potion of beneficial mutation]
  8361 | D:7      | Noticed Joseph
  8368 | D:7      | Killed Joseph
  8368 | D:7      | Reached skill level 1 in Fighting
  8625 | D:7      | Offered knowledge of Sandblast by Vehumet.
  8722 | D:7      | Reached skill level 10 in Conjurations
  8945 | D:7      | Reached skill level 5 in Spellcasting
  8945 | D:7      | Reached XP level 9. HP: 15/48 MP: 21/25
  9375 | D:7      | Got a pair of shimmering boots
  9382 | D:7      | Identified the cursed -4 pair of boots of Hedge Wizardry {SInv} (You found it on level 7 of the Dungeon)
  9646 | D:7      | Upgraded the game from 0.16-a0-129-gbf5829b to 0.16-a0-148-g3b84123
 10029 | D:8      | Reached skill level 5 in Dodging
 10076 | D:8      | Offered knowledge of Stone Arrow by Vehumet.
 10244 | D:8      | Reached skill level 11 in Conjurations
 10402 | D:8      | Reached skill level 10 in Charms
 10664 | D:8      | Acquired Vehumet's second power
 10808 | D:8      | Reached XP level 10. HP: 56/56 MP: 28/28
 10945 | D:8      | Offered knowledge of Mephitic Cloud by Vehumet.
 10950 | D:8      | Learned a level 3 spell: Mephitic Cloud
 11107 | D:8      | Reached skill level 1 in Shields
 11266 | D:8      | Noticed Gastronok
 11312 | D:8      | Killed Gastronok
 11312 | D:8      | Reached skill level 12 in Conjurations
 12046 | D:9      | Found a glowing silver altar of Zin.
 12146 | D:9      | Acquired Vehumet's third power
 12165 | D:9      | Learned a level 5 spell: Bolt of Magma
 12189 | D:9      | Noticed Psyche
 12193 | D:9      | Killed Psyche
 12193 | D:9      | Reached skill level 1 in Fire Magic
 12225 | D:9      | Offered knowledge of Lee's Rapid Deconstruction by Vehumet.
 12700 | D:9      | Reached XP level 11. HP: 62/62 MP: 30/30
 12895 | D:9      | Found a staircase to the Orcish Mines.
 12900 | Orc:1    | Entered Level 1 of the Orcish Mines
 12982 | D:10     | Entered Level 10 of the Dungeon
 13054 | D:10     | Offered knowledge of Airstrike by Vehumet.
 13164 | D:10     | Found a staircase to the Lair.
 13457 | D:10     | Found Kainaitu's Armour Boutique.
 13461 | D:10     | Bought a steam dragon hide for 450 gold pieces
 13567 | D:10     | Noticed a hill giant
 13575 | D:10     | Killed a hill giant
 13972 | D:10     | Noticed a two-headed hydra
 13981 | D:10     | Killed a two-headed hydra
 13981 | D:10     | Reached skill level 5 in Fighting
 14270 | Lair:1   | Entered Level 1 of the Lair of Beasts
 14270 | Lair:1   | Noticed Erica
 14276 | Lair:1   | Killed Erica
 14276 | Lair:1   | Reached skill level 13 in Conjurations
 14622 | Lair:1   | Reached skill level 5 in Fire Magic
 15698 | Lair:2   | Reached XP level 12. HP: 68/68 MP: 32/32
 16730 | Lair:2   | Identified a scroll of acquirement
 16731 | Lair:2   | Identified the Grimoire of Damaging Ignition (You acquired it on level 2 of the Lair of Beasts)
 16736 | Lair:2   | Learned a level 3 spell: Conjure Flame
 16847 | Lair:3   | Found a staircase to the Swamp.
 16879 | Lair:3   | Reached skill level 10 in Spellcasting
 16879 | Lair:3   | Reached skill level 14 in Conjurations
 17150 | Lair:3   | Noticed a four-headed hydra
 17154 | Lair:3   | Killed a four-headed hydra
 19547 | Lair:5   | Noticed a six-headed hydra
 19552 | Lair:5   | Killed a six-headed hydra
 19552 | Lair:5   | Reached skill level 10 in Dodging
 19589 | Lair:5   | Reached XP level 13. HP: 75/75 MP: 34/34
 19611 | Lair:5   | Found a hole to the Spider Nest.
 20113 | Lair:5   | Offered knowledge of Delayed Fireball by Vehumet.
 20122 | Lair:5   | Learned a level 7 spell: Delayed Fireball
 21740 | Orc:1    | Found Plog's Assorted Antiques.
 21770 | Orc:1    | Noticed Snorg
 21779 | Orc:1    | Killed Snorg
 21957 | Orc:1    | Reached skill level 15 in Conjurations
 21966 | Orc:1    | Noticed Grum
 21972 | Orc:1    | Killed Grum
 22164 | Orc:2    | Offered knowledge of Freezing Cloud by Vehumet.
 22235 | Orc:2    | Reached skill level 10 in Fire Magic
 22276 | Orc:2    | Found a roughly hewn altar of Beogh.
 22612 | Orc:2    | Found Cryifoito's Weapon Shop.
 23131 | Orc:3    | Found a glowing golden altar of the Shining One.
 23279 | Orc:3    | Found a staircase to the Elven Halls.
 23411 | Orc:3    | Found an iron altar of Okawaru.
 24255 | Orc:3    | Found a radiant altar of Vehumet.
 24315 | Orc:4    | Entered Level 4 of the Orcish Mines
 24446 | Orc:4    | Found a roughly hewn altar of Beogh.
 24579 | Orc:4    | Offered knowledge of Lightning Bolt by Vehumet.
 24614 | Orc:4    | Found Teiroza's Antique Weapon Shop.
 24634 | Orc:4    | Found a roughly hewn altar of Beogh.
 24701 | Orc:4    | Found a roughly hewn altar of Beogh.
 24797 | Orc:4    | Found a roughly hewn altar of Beogh.
 24797 | Orc:4    | Found Ytui's General Store.
 24866 | Orc:4    | Bought a scroll of teleportation for 45 gold pieces
 24969 | Orc:4    | Found a roughly hewn altar of Beogh.
 25755 | Orc:4    | Found a roughly hewn altar of Beogh.
 25761 | Orc:4    | Noticed an orc warlord
 25834 | Orc:4    | Killed an orc warlord
 26060 | Orc:4    | Found a roughly hewn altar of Beogh.
 26069 | Orc:4    | Reached XP level 14. HP: 82/82 MP: 31/36
 26135 | Orc:4    | Found Ydghuxkux's Book Shoppe.
 26888 | Orc:4    | Bought a book of Fire for 845 gold pieces
 26895 | Orc:4    | Learned a level 5 spell: Fireball
 26951 | Orc:4    | Noticed an orc warlord
 26968 | Orc:4    | Killed an orc warlord
 26969 | Orc:4    | Offered knowledge of Conjure Ball Lightning by Vehumet.
 27466 | Orc:4    | Found a roughly hewn altar of Beogh.
 27467 | Orc:4    | Found Okozou Xootu's Antique Weapon Shop.
 27471 | Orc:4    | Found Craedisosch's Antique Armour Boutique.
 27492 | Orc:4    | Bought a pair of runed boots for 126 gold pieces
 27499 | Orc:4    | Identified a +1 pair of boots of running (You bought it in a shop on level 4 of the Orcish Mines)
 28661 | Lair:7   | Reached skill level 16 in Conjurations
 29310 | Lair:7   | Upgraded the game from 0.16-a0-148-g3b84123 to 0.16-a0-212-g3ed950e
 29930 | Lair:8   | Entered Level 8 of the Lair of Beasts
 29997 | Lair:8   | Offered knowledge of Spellforged Servitor by Vehumet.
 30276 | Lair:8   | Found a staircase to the Slime Pits.
 30276 | Lair:8   | Found a viscous altar of Jiyva.
 32568 | Lair:8   | Reached XP level 15. HP: 86/86 MP: 32/38
 32677 | Lair:8   | Reached skill level 17 in Conjurations
 34608 | D:10     | Bought a +2 helmet of see invisible for 322 gold pieces
 34704 | D:11     | Found Clisme's Antique Weapon Emporium.
 34737 | D:11     | Found Nozut's Antique Weapon Shop.
 34961 | D:11     | Found Caunn's Food Boutique.
 35242 | D:11     | Found Eqaum's Book Shop.
 35340 | D:11     | Offered knowledge of Poisonous Cloud by Vehumet.
 35427 | D:11     | Identified Shriozeti's Compendium of the Entourage
 35548 | D:11     | Found Blaro Gho's Demolitions Depot.
 35892 | D:11     | Found a portal to a secret trove of treasure.
 36063 | D:12     | Found Ghidoith's Weapon Boutique.
 36897 | D:12     | Upgraded the game from 0.16-a0-212-g3ed950e to 0.16-a0-223-g37887f7
 37507 | D:12     | Learned a level 6 spell: Bolt of Fire
 38298 | D:13     | Found a gate to the Vaults.
 38986 | D:14     | Noticed Harold
 38989 | D:14     | Killed Harold
 39406 | D:14     | Found a stormy altar of Qazlal.
 40240 | D:15     | Entered Level 15 of the Dungeon
 40407 | D:15     | Found a flickering gateway to a bazaar.
 40426 | Bazaar   | Entered a bazaar
 40439 | Bazaar   | Found Rarph's Assorted Antiques.
 40439 | Bazaar   | Found Zeppin's Jewellery Shoppe.
 40475 | Bazaar   | Found Cluboz's Antique Armour Emporium.
 40475 | Bazaar   | Found Zuofetas' Food Emporium.
 40514 | Bazaar   | Bought the amulet of Probbam {rCorr rPois rF+ rN+ Str+1} for 534 gold pieces
 40552 | Bazaar   | Bought a glowing cloak for 112 gold pieces
 40628 | D:15     | Upgraded the game from 0.16-a0-223-g37887f7 to 0.16-a0-262-g6fc725f
 40637 | D:15     | Offered knowledge of Lehudib's Crystal Spear by Vehumet.
 40637 | D:15     | Offered knowledge of Chain Lightning by Vehumet.
 40637 | D:15     | Offered knowledge of Tornado by Vehumet.
 40747 | D:15     | Learned a level 4 spell: Control Teleport
 40750 | D:15     | Learned a level 2 spell: Blink
 42213 | D:15     | Reached skill level 18 in Conjurations
 42392 | D:15     | Found a staircase to the Depths.
 42967 | Elf:1    | Entered Level 1 of the Elven Halls
 43027 | Elf:1    | Reached XP level 16. HP: 92/92 MP: 30/39
 43480 | Elf:1    | Noticed Roxanne
 43487 | Elf:1    | Learned a level 4 spell: Fulminant Prism
 44289 | Elf:1    | Killed Roxanne
 44804 | Elf:2    | Reached skill level 15 in Fire Magic
 44863 | Elf:2    | Noticed Nessos
 44871 | Elf:2    | Killed Nessos
 45086 | Elf:2    | Found Guguacin's Food Shoppe.
 45765 | Spider:1 | Entered Level 1 of the Spider Nest
 45885 | Spider:1 | Learned a level 5 spell: Ignite Poison
 46825 | Spider:2 | Noticed Nikola
 47209 | Spider:1 | Reached skill level 15 in Spellcasting
 47411 | Spider:1 | Noticed Donald
 47416 | Spider:1 | Killed Donald
 47505 | Spider:1 | Reached skill level 19 in Conjurations
 47610 | Spider:1 | Identified the Compendium of Enhancements
 48048 | Spider:2 | Noticed Louise
 48048 | Spider:2 | Noticed Jorgrun
 48055 | Spider:2 | Killed Louise
 48059 | Spider:2 | Killed Jorgrun
 48059 | Spider:2 | Reached XP level 17. HP: 55/96 MP: 14/40
 48693 | Spider:3 | Upgraded the game from 0.16-a0-262-g6fc725f to 0.16-a0-282-ga87e286
 50791 | Spider:4 | Got an ancient leather armour
 50792 | Spider:4 | Identified the +3 leather armour of Prudence {Str+2 Dex+2} (You found it on level 4 of the Spider Nest)
 51475 | Spider:4 | Learned a level 3 spell: Flight
 52207 | D:11     | Bought a manual of Conjurations for 1545 gold pieces
 52296 | Swamp:1  | Entered Level 1 of the Swamp
 53823 | Swamp:2  | Reached skill level 20 in Conjurations
 53891 | Swamp:2  | Upgraded the game from 0.16-a0-282-ga87e286 to 0.16-a0-286-g6bac339
 55988 | Swamp:3  | Reached skill level 15 in Dodging
 56320 | Swamp:3  | Noticed Kirke
 56324 | Swamp:3  | Killed Kirke
 57404 | Swamp:4  | Reached XP level 18. HP: 90/101 MP: 27/41
 57723 | Swamp:4  | Noticed Agnes
 57737 | Swamp:4  | Killed Agnes
 58415 | Depths:1 | Entered Level 1 of the Depths
 58567 | D:15     | Reached skill level 21 in Conjurations
 58642 | Depths:1 | Noticed Asterion
 58885 | D:15     | Killed Asterion
 60223 | Depths:1 | Found a gateway to Hell.
 61107 | Depths:1 | Learned a level 9 spell: Fire Storm
 61261 | Depths:1 | Upgraded the game from 0.16-a0-286-g6bac339 to 0.16-a0-296-gbdb9f68
 61829 | Depths:1 | Found Kojel's Weapon Shop.
 62016 | Depths:1 | Reached skill level 22 in Conjurations
 64190 | Depths:1 | Reached XP level 19. HP: 96/105 MP: 8/43
 64672 | Depths:1 | Learned a level 7 spell: Ring of Flames
 65014 | Depths:2 | Found Muareff's Food Shoppe.
 65016 | Depths:2 | Noticed Norris
 65039 | Depths:2 | Killed Norris
 66114 | Depths:2 | Noticed Aizul
 66118 | Depths:2 | Killed Aizul
 66798 | Depths:2 | Reached skill level 23 in Conjurations
 67988 | Depths:2 | Found a burning altar of Makhleb.
 68172 | Depths:2 | Learned a level 2 spell: Repel Missiles
 68980 | Spider:5 | Entered Level 5 of the Spider Nest
 69722 | Spider:5 | Upgraded the game from 0.16-a0-296-gbdb9f68 to 0.16-a0-305-g9782ec1
 69935 | Spider:5 | Noticed Arachne
 69945 | Spider:5 | Killed Arachne
 69959 | Spider:5 | Reached XP level 20. HP: 69/111 MP: 25/44
 71106 | Spider:5 | Got a gossamer rune of Zot
 72275 | Swamp:5  | Entered Level 5 of the Swamp
 73152 | Swamp:5  | Noticed the 27-headed Lernaean hydra
 73160 | Swamp:5  | Killed the 27-headed Lernaean hydra
 73371 | Swamp:5  | Got a decaying rune of Zot
 73662 | Swamp:5  | Upgraded the game from 0.16-a0-305-g9782ec1 to 0.16-a0-309-g112360f
 73914 | Elf:3    | Entered Level 3 of the Elven Halls
 74442 | Elf:3    | Reached skill level 24 in Conjurations
 76093 | Elf:3    | Reached XP level 21. HP: 115/115 MP: 9/45
 76252 | Elf:3    | Upgraded the game from 0.16-a0-309-g112360f to 0.16-a0-324-g99bef82
 76444 | Elf:3    | Got a faintly glowing lead ring
 76457 | Elf:3    | Identified the ring "Gaix" {Dex+2 Slay+2} (You took it off a deep elf death mage on level 3 of the Elven Halls)
 76463 | Elf:3    | Got a pitted buckler
 76464 | Elf:3    | Identified the +2 buckler of the Bells {rPois rN+ Slay-1} (You took it off a deep elf mage on level 3 of the Elven Halls)
 76562 | Elf:3    | Identified Sif Muna's Papyrus of Feathers
 77059 | Lair:2   | Upgraded the game from 0.16-a0-324-g99bef82 to 0.16-a0-326-g6f2d4d4
 78502 | Depths:3 | Learned a level 8 spell: Lehudib's Crystal Spear
 78594 | Depths:3 | Slain by a stone giant

Action                   |  1- 3 |  4- 6 |  7- 9 | 10-12 | 13-15 | 16-18 | 19-21 || total
-------------------------+-------+-------+-------+-------+-------+-------+-------++-------
Melee: Dagger            |       |    15 |    15 |     3 |   125 |    76 |    45 ||   279
 Cast: Magic Dart        |    62 |   230 |   232 |   505 |  1233 |   865 |   405 ||  3532
       Dazzling Spray    |       |    13 |    44 |   119 |   267 |   360 |   235 ||  1038
       Iskenderun's Batt |       |     1 |    37 |   156 |   374 |   324 |   183 ||  1075
       Mephitic Cloud    |       |       |       |    11 |    22 |    14 |     1 ||    48
       Bolt of Magma     |       |       |       |     1 |     1 |       |       ||     2
       Conjure Flame     |       |       |       |       |    47 |    48 |       ||    95
       Delayed Fireball  |       |       |       |       |     7 |     1 |       ||     8
       Fireball          |       |       |       |       |    33 |    28 |     6 ||    67
       Bolt of Fire      |       |       |       |       |    20 |   124 |   170 ||   314
       Control Teleport  |       |       |       |       |     2 |    13 |     3 ||    18
       Blink             |       |       |       |       |     2 |    12 |     7 ||    21
       Fulminant Prism   |       |       |       |       |       |    19 |       ||    19
       Ignite Poison     |       |       |       |       |       |     9 |       ||     9
       Flight            |       |       |       |       |       |    52 |    15 ||    67
       Fire Storm        |       |       |       |       |       |     8 |    39 ||    47
       Ring of Flames    |       |       |       |       |       |       |    23 ||    23
       Repel Missiles    |       |       |       |       |       |       |     3 ||     3
       Lehudib's Crystal |       |       |       |       |       |       |     1 ||     1
 Abil: Release Delayed F |       |       |       |       |     6 |     1 |       ||     7
Evoke: Wand              |       |       |       |     1 |     7 |     7 |    11 ||    26
       Phial of floods   |       |       |       |       |       |     1 |     1 ||     2
       Disc of storms    |       |       |       |       |       |       |     2 ||     2
  Use: Scroll            |     5 |    12 |     7 |    12 |    16 |    21 |    14 ||    87
       Potion            |       |     6 |     3 |       |       |     7 |     2 ||    18
 Stab: Invisible         |       |       |       |       |       |     1 |     4 ||     5
  Eat: Chunk             |     2 |     7 |    10 |    32 |    30 |    25 |    26 ||   132
       Royal jelly       |       |     1 |       |       |     1 |     2 |     2 ||     6
       Beef jerky        |       |     2 |       |     1 |     4 |     3 |     1 ||    11
       Pizza             |       |     1 |     1 |       |     7 |       |     1 ||    10
       Bread ration      |       |     1 |     2 |     1 |     1 |     4 |     5 ||    14
       Meat ration       |       |       |     1 |       |       |     3 |     4 ||     8
       Fruit             |       |       |       |    20 |    39 |    23 |       ||    82
